 Dungeon Crawl Stone Soup version 0.19.5 (webtiles) character file.

56 empire the Conjurer (level 3, -1/24 HPs)
             Began as a Mummy Conjurer on Mar 8, 2017.
             Slain by a river rat (8 damage)
             ... on level 3 of the Dungeon.
             The game lasted 00:04:25 (2669 turns).

empire the Conjurer (Mummy Conjurer)                Turns: 2669, Time: 00:04:26

Health: -1/24      AC:  3    Str: 11    XL:     3   Next: 71%
Magic:  7/7        EV: 12    Int: 15    God:
Gold:   92         SH:  0    Dex: 12    Spells: 1 memorised, 7 levels left

rFire  x . .     SeeInvis .     k - -1 quarterstaff (curse)
rCold  + . .     Gourm    .     c - +1 robe
rNeg   + + +     Faith    .     (shield currently unavailable)
rPois  ∞         Spirit   .     (no helmet)
rElec  .         Reflect  .     (no cloak)
rCorr  .         Harm     .     (no gloves)
MR     .....                    (no boots)
Stlth  ++........               (no amulet)
                                (no ring)
                                (no ring)

@: no status effects
A: no food or potions, fire vulnerability, cold resistance 1, negative energy
resistance 3, torment resistance, unbreathing
a: no special abilities


You were on level 3 of the Dungeon.
You were not hungry.

You visited 1 branch of the dungeon, and saw 3 of its levels.

You collected 92 gold pieces.

Inventory:

Hand Weapons
 a - a +0 short sword
 b - a +1 dagger
 d - a +3 short sword of electrocution
 e - a +1 dagger of speed
 k - a cursed -1 quarterstaff (weapon)
Armour
 c - a +1 robe (worn)
Scrolls
 j - a scroll of blinking
Books
 h - a book of Conjurations

   Spells                             Type                      Level
   a - Magic Dart                     Conjuration                  1
   b - Searing Ray                    Conjuration                  2
   c - Dazzling Spray                 Conjuration/Hexes            3
   d - Fulminant Prism                Conjuration/Hexes            4
   e - Iskenderun's Mystic Blast      Conjuration                  4
   f - Iskenderun's Battlesphere      Conjuration/Charms           5


   Skills:
 - Level 1.5 Dodging
 - Level 1.5 Stealth
 - Level 3.0 Spellcasting
 + Level 3.9 Conjurations


You had 7 spell levels left.
You knew the following spells:

 Your Spells              Type           Power        Failure   Level  Hunger
a - Magic Dart            Conj           ##..         4%          1    N/A

Dungeon Overview and Level Annotations

Branches:
Dungeon (3/15)

Altars:
Qazlal

Portals:
Sewer: D:3

Annotations:
D:3 Natasha; SkullSpatter's ghost, amateur DrGl


Innate Abilities, Weirdness & Mutations

You do not eat or drink.
Your flesh is vulnerable to fire.
You are immune to poison.
Your flesh is cold resistant. (rC+)
You are immune to negative energy. (rN+++)
You are immune to unholy pain and torment.
You can survive without breathing.


Message History

Found a glowing drain.
An adder and a giant cockroach come into view.
A river rat and a giant cockroach come into view.
The crimson imp blinks!
SkullSpatter's ghost laughs, "And you think you're capable of finding the ORB?
I had it, you know.
Then I gave it away so I could steal it AGAIN."
Found a scroll labeled VEINKE IFOUNN.
A goblin comes into view. It is wielding a dagger.
The adder hisses angrily.
Found a leather armour.
You enter the shallow water.
Moving in this stuff is going to be slow.
The goblin shouts!
The adder bites you.
* * * LOW HITPOINT WARNING * * *
The adder bites you.
* * * LOW HITPOINT WARNING * * *
The river rat barely misses you. The adder barely misses you.
There is a glowing drain here.
The river rat bites you!
You die...

####)........#**#.[.#.*,*,*
...'.........+,.......,,*,*
####..5....!.#*#....#****,*
# ##....r.5.###....####*,*
# ##.....#............,,* #
##...##.r........#****
##+###..h≈≈≈....# *,*
#..≈WS≈≈...# *,*
#..s≈@≈≈...# *****
**,**#.s≈r≈≈≈..##
*,,,***,,,#....≈≈≈...#
,,*,**,,,.g..........#
,,,,,,,,..?..........#
*,*,****.#############
**,** *,* *** *,* *,*


You could see Natasha, SkullSpatter's ghost, a crimson imp, an adder, a river
rat, 2 giant cockroaches, a goblin and a rat.

Vanquished Creatures
  An adder (D:2)
  A worm (D:2)
  A dart slug (D:1)
  A leopard gecko (D:1)
  3 goblins (D:1)
  5 hobgoblins
  4 jackals (D:1)
  9 kobolds
  2 ball pythons
  6 bats
  5 frilled lizards
  4 rats
42 creatures vanquished.

Notes
Turn   | Place    | Note
-------+----------+-------------------------------------------
     0 | D:1      | empire the Mummy Conjurer began the quest for the Orb.
     0 | D:1      | Reached XP level 1. HP: 13/13 MP: 3/3
   210 | D:1      | Reached XP level 2. HP: 10/19 MP: 1/5
  1345 | D:1      | Reached XP level 3. HP: 10/24 MP: 1/7
  1797 | D:2      | Found a stormy altar of Qazlal.
  2623 | D:3      | Noticed SkullSpatter's ghost (amateur DrGl)
  2654 | D:3      | Noticed Natasha
  2661 | D:3      | Found a glowing drain.
  2669 | D:3      | Slain by a river rat

Skill      XL: |  1  2 |
---------------+-------+-----
Spellcasting   | 3 |  3.0
Dodging        | |  1.5
Stealth        | |  1.5
Conjurations   | |  3.9

Action                   || total
-------------------------++-------
Melee: Dagger            ||    32
       Club              ||     3
       Unarmed           ||     1
       Short sword       ||    19
       Quarterstaff      ||    42
 Cast: Magic Dart        ||    51
  Use: Scroll            ||     7
 Stab: Sleeping          ||     2
Armor: Robe              ||    31
Dodge: Dodged            ||   101
